 Dungeon Crawl Stone Soup version 0.23-a0-13-gb09bef45d9 (webtiles) character file.

1044 AsandaNima the Covert (level 8, 38/38 HPs)
             Began as a Spriggan Enchanter on June 26, 2018.
             Was an Initiate of Dithmenos.
             Quit the game on level 6 of the Dungeon on May 27, 2020.
             The game lasted 00:27:50 (7045 turns).

AsandaNima the Covert (Spriggan Enchanter)          Turns: 7045, Time: 00:27:51

Health: 38/38      AC:  3    Str:  4    XL:     8   Next: 4%
Magic:  13/13      EV: 23    Int: 17    God:    Dithmenos [......]
Gold:   318        SH:  0    Dex: 18    Spells: 3/12 levels left

rFire    . . .     SeeInvis +   a - +2 dagger
rCold    . . .     Gourm    .   (shield restricted)
rNeg     . . .     Faith    .   b - +1 robe
rPois    +         Spirit   .   (helmet restricted)
rElec    .         Reflect  .   (no cloak)
rCorr    .         Harm     .   (gloves unavailable)
MR       ++...                  (boots unavailable)
Stlth    ++++......             r - amulet of the acrobat
HPRegen  0.12/turn              o - ring of poison resistance
MPRegen  0.13/turn              j - ring of protection from magic

@: very quick
A: very small, unfitting armour, see invisible, herbivore, speed 3, slow
metabolism 2
a: Renounce Religion


You were on level 6 of the Dungeon.
You worshipped Dithmenos.
Dithmenos was noncommittal.
You were hungry.

You visited 2 branches of the dungeon, and saw 7 of its levels.

You collected 318 gold pieces.

Inventory:

Hand Weapons
 a - a +2 dagger (weapon)
Armour
 b - a +1 robe (worn)
Jewellery
 j - a ring of protection from magic (right hand)
 o - a ring of poison resistance (left hand)
 r - an amulet of the acrobat (around neck)
 w - an uncursed ring of protection from cold
Wands
 q - a wand of acid (5)
 t - a wand of flame (17)
 x - a wand of scattershot (3)
Scrolls
 e - 2 scrolls of remove curse
 f - 3 scrolls of teleportation
 g - 4 scrolls of enchant weapon
 i - 2 scrolls of magic mapping
 p - a scroll of amnesia {unknown}
 v - a scroll of enchant armour
 y - 2 scrolls of identify
Potions
 c - a potion of flight
 h - 2 potions of lignification
 k - 3 potions of invisibility {unknown}
 l - a potion of mutation {unknown}
 m - a potion of ambrosia {unknown}
 n - a potion of berserk rage {unknown}
 s - 2 potions of agility
Comestibles
 d - 13 rations


   Skills:
 + Level 1.6 Fighting
 + Level 2.7 Short Blades
 + Level 6.8 Dodging
 * Level 8.9 Stealth
 - Level 2.6 Spellcasting
 + Level 7.7 Hexes


You had 3 spell levels left.
You knew the following spells:

 Your Spells              Type           Power        Failure   Level  Hunger
a - Corona                Hex            ####...      1%          1    #......
b - Ensorcelled Hibernat  Hex/Ice        ###...       5%          2    ##.....
c - Confuse               Hex            ####....     2%          3    ###....
d - Tukima's Dance        Hex            ####....     2%          3    ###....

Your spell library contained the following spells:

 Spells                   Type           Power        Failure   Level  Hunger
 Dazzling Spray           Conj/Hex       ###...       11%         3    ###....


Dungeon Overview and Level Annotations

Branches:
Dungeon (6/15)             Temple (1/1) D:6

Altars:
Ashenzari
Cheibriados
Dithmenos
Elyvilon
Gozag
Hepliaklqana
Kikubaaqudgha
Makhleb
Nemelex Xobeh
Okawaru
Qazlal
Ru
Sif Muna
Trog
Uskayaw
Vehumet
Wu Jian
Xom
Yredelemnul
Zin
The Shining One

Annotations:
D:5 1 runed door, schwarznadel's ghost, novice FoFi


Innate Abilities, Weirdness & Mutations

You are very small and have problems with some larger weapons.
You are too small for most types of armour.
You have supernaturally acute eyesight. (SInv)
You are a herbivore.
You cover ground extremely quickly.
You need to consume almost no food.


Message History

Press: ? - help, Shift-Dir - straight line, f - orc
Aim: an orc, wielding a club and wearing a ring mail (chance to defeat MR: 63%)
The orc looks drowsy...
The helpless orc fails to defend itself.
You spit the orc like a pig!!!
You kill the orc!
Dithmenos accepts your kill.
f - 3 scrolls of teleportation (gained 1)
Things that are here:
a club; a ring mail You see here an uncursed ring of see invisible.
Things that are here:
a hand axe; a ring mail; an orc corpse You start resting.
Magic restored.
Saving game... please wait.
Welcome back, AsandaNima the Spriggan Enchanter.
Dithmenos says: Spread the eternal night.
Press ? for a list of commands and other information.
Are you sure you want to abandon this character and quit the game? (Confirm with "yes".)

#........#)......
#........#.......
#........#........
#........##.......
#####(####
#......# #.#
##.....## #.#
#......# #.# #.<#
#@# #...# #.#
##... #.# ##..
#=##### #. #.#...#
. #.#...# #
#)#...#
#.....##### ###
##....)...## #..


There were no monsters in sight!

Vanquished Creatures
  An ice beast (D:5)
  3 ogres
  2 phantoms
  A centaur (D:6)
  2 bullfrogs
  2 crimson imps
  A hound (D:6)
  A jelly (D:5)
  A bullfrog skeleton (D:6)
  An iguana (D:4)
  A worker ant (D:5)
  A hound zombie (D:4)
  2 adders (D:4)
  4 worms
  4 dart slugs
  2 leopard geckos
  5 orcs (D:6)
  5 bats
  6 giant cockroaches
  6 goblins
  4 hobgoblins (D:1)
  5 jackals
  8 kobolds
  4 quokkas
  2 ball pythons (D:3)
  4 frilled lizards
  A giant cockroach zombie (D:6)
  A leopard gecko skeleton (D:5)
  5 rats
  2 butterflies (D:6)
87 creatures vanquished.

Notes
Turn   | Place    | Note
-------+----------+-------------------------------------------
     0 | D:1      | AsandaNima the Spriggan Enchanter began the quest for the Orb.
     0 | D:1      | Reached XP level 1. HP: 9/9 MP: 5/5
   322 | D:1      | Reached XP level 2. HP: 13/13 MP: 6/6
   326 | D:1      | Learned a level 2 spell: Ensorcelled Hibernation
  1571 | D:2      | Reached skill level 5 in Stealth
  1573 | D:2      | Reached XP level 3. HP: 16/16 MP: 2/8
  3441 | D:4      | Noticed a bullfrog
  3444 | D:4      | Killed a bullfrog
  3444 | D:4      | Reached skill level 5 in Hexes
  3444 | D:4      | Reached XP level 4. HP: 21/21 MP: 9/9
  3457 | D:4      | Reached XP level 5. HP: 24/24 MP: 10/10
  3462 | D:4      | Learned a level 3 spell: Confuse
  3470 | D:4      | Reached skill level 6 in Stealth
  3485 | D:4      | Noticed an ogre
  3596 | D:4      | Noticed a phantom
  3604 | D:4      | Upgraded the game from 0.22-a0-558-gc2241811a9 to 0.23-a0-13-gb09bef45d9
  3698 | D:4      | Killed an ogre
  3698 | D:4      | Reached skill level 5 in Dodging
  3698 | D:4      | Reached XP level 6. HP: 28/28 MP: 6/11
  3911 | D:4      | Reached skill level 7 in Stealth
  4546 | D:4      | Learned a level 3 spell: Tukima's Dance
  4570 | D:5      | Entered Level 5 of the Dungeon
  4658 | D:5      | Found a sparkling altar of Nemelex Xobeh.
  4662 | D:5      | Reached XP level 7. HP: 32/32 MP: 7/12
  4970 | D:5      | Noticed schwarznadel's ghost (novice FoFi)
  4973 | D:5      | Found a runed door.
  5647 | D:5      | Reached skill level 1 in Fighting
  5778 | D:5      | Found a shimmering altar of Xom.
  5930 | D:6      | Found a staircase to the Ecumenical Temple.
  5933 | D:6      | Reached skill level 8 in Stealth
  5943 | Temple   | Entered the Ecumenical Temple
  6192 | Temple   | Became a worshipper of Dithmenos the Shadowed
  6770 | D:6      | Reached XP level 8. HP: 38/38 MP: 10/13
  7045 | D:6      | Quit the game

Vault maps used:
D:1:      dpeg_arrival_arbitrary_c
D:2:      nrook_loot_triangle
D:4:      first_ration
D:5:      hellmonk_ghost_happy_afterlife, basic_altar,
          nemelex_xobeh_ov_fountains_minmay
D:6:      minmay_temple_entry_butterflies, grunt_decor_clamped
Temple:   nicolae_temple_the_god_donut

Skill      XL: |  1  2  3  4  5  6  7 |
---------------+----------------------+-----
Hexes          | 4 5 6 7 |  7.7
Stealth        | 5 6 7 8 |  8.9
Dodging        | 4 5 6 |  6.8
Fighting       | 1 |  1.6
Short Blades   | 2 |  2.7
Spellcasting   | |  2.6

Action                   |  1- 3 |  4- 6 |  7- 9 || total
-------------------------+-------+-------+-------++-------
Melee: Dagger            |   126 |    35 |    61 ||   222
 Cast: Ensorcelled Hiber |    46 |    15 |    28 ||    89
       Confuse           |       |     5 |    12 ||    17
  Use: Scroll            |     9 |       |       ||     9
 Stab: Sleeping          |    32 |    10 |    21 ||    63
       Distracted        |       |     2 |     1 ||     3
       Confused          |       |     4 |     5 ||     9
  Eat: Ration            |     1 |     2 |     2 ||     5
Armor: Robe              |     4 |     1 |     4 ||     9
Dodge: Dodged            |    94 |    21 |    31 ||   146

Table legend:
 A = Spawn XP
 B = Non-spawn XP
 C = Spawn XP percentage of total XP
 D = Spawn monster count
 E = Non-spawn monster count
 F = Spawn count percentage of total count
 G = Total turns spent on level
                    A         B        C        D         E        F      G
               +---------+---------+-------+---------+---------+-------+---------
         Total |       0 |    1492 |   0.0 |       0 |      85 |   0.0 |  7045
               +---------+---------+-------+---------+---------+-------+---------
           D:1 |       0 |      35 |   0.0 |       0 |      17 |   0.0 |  1550
           D:2 |       0 |      20 |   0.0 |       0 |       9 |   0.0 |   760
           D:3 |       0 |      34 |   0.0 |       0 |      18 |   0.0 |   922
           D:4 |       0 |     595 |   0.0 |       0 |      14 |   0.0 |  1802
           D:5 |       0 |     381 |   0.0 |       0 |      13 |   0.0 |   892
           D:6 |       0 |     427 |   0.0 |       0 |      14 |   0.0 |   597
               +---------+---------+-------+---------+---------+-------+---------
